 Dungeon Crawl Stone Soup version 0.31-a0-1074-g0b22e4e0f1 (webtiles) character file.

Game seed: 7282215427668230682

193 Sanktem7 the Chopper (level 5, -1/47 HPs)
             Began as a Minotaur Fighter on Nov 30, 2023.
             Killed from afar by Maggie (12 damage)
             ... with a bolt of fire
             ... on level 6 of the Dungeon.
             The game lasted 00:02:47 (1551 turns).

Sanktem7 the Chopper (Minotaur Fighter)             Turns: 1551, Time: 00:02:47

Health: -1/47      AC: 12    Str: 22    XL:     5   Next: 43%
Magic:  4/4        EV:  6    Int:  5    God:
Gold:   100        SH:  0    Dex: 10    Spells: 4/4 levels left

rFire   . . .        a - +0 war axe {axe}
rCold   . . .        c - +0 buckler
rNeg    . . .        g - +0 plate armour
rPois   .            (helmet restricted)
rElec   .            (no cloak)
rCorr   .            (no gloves)
SInv    .            (no boots)
Will    .....        (no amulet) Stlth
                     (no ring)
HPRegen 0.27/turn    (no ring)
MPRegen 0.09/turn

%: no passive effects
@: confused, mesmerised
A: horns 2, retaliatory headbutt
a: no special abilities


You were on level 6 of the Dungeon.
You visited 2 branches of the dungeon, and saw 5 of its levels.

You collected 100 gold pieces.


Innate Abilities, Weirdness & Mutations

You have a pair of horns on your head.
You reflexively headbutt those who attack you in melee.


   Skills:
 + Level 4.6 Fighting
 * Level 4.7 Axes
 + Level 4.6 Armour
 + Level 4.6 Shields


You had 4 spell levels left.
You didn't know any spells.
Your spell library contained the following spells:

 Spells                   Type           Power      Damage    Failure   Level
 Foxfire                  Conj/Fire      0%         2x1d4     100%        1
 Freeze                   Ice            0%         1d3       100%        1
 Frozen Ramparts          Ice            0%         1d1       100%        3
 Hailstorm                Conj/Ice       0%         3d3       100%        3

Inventory:

Hand Weapons
 a - a +0 war axe (weapon) {axe}
 r - the +10 quarterstaff of Ugarim {venom, rPois rN+ rCorr Int-4, staff}
   (You found it on level 6 of the Dungeon)

   Int-4:     It affects your intelligence (-4).
   rPois:     It protects you from poison rN+: It protects you from negative
   energy.
   rCorr:     It protects you from acid and corrosion.
Missiles
 e - 37 stones {throwing}
Armour
 c - a +0 buckler (worn)
 g - a +0 plate armour (worn)
   (You found it on level 1 of the Dungeon)
 q - a +0 pair of gloves
   (You found it on level 2 of the Dungeon)
Wands
 m - a wand of flame (18)
   (You found it on level 2 of the Dungeon)
Scrolls
 k - a scroll of identify {unknown}
 l - a scroll of fog {unknown}
 n - a scroll of brand weapon {unknown}
 o - a scroll of butterflies {unknown}
 p - a scroll of blinking {unknown}
Potions
 b - a potion of attraction {unknown}
 d - a potion of might
 f - 2 potions of curing {unknown}
 h - a potion of cancellation {unknown}
 i - a potion of haste {unknown}
 j - 2 potions of mutation {unknown}

Dungeon Overview and Level Annotations

Branches:
Dungeon (6/15) Zot: 22464  Temple (1/1) D:6 Zot: 5952

Altars:
Cheibriados
Dithmenos
Elyvilon
Gozag
Hepliaklqana
Nemelex Xobeh
Ru
Sif Muna
Trog
Uskayaw
Wu Jian
Zin
The Shining One

Annotations:
D:6 Maggie

......................
..##...........#########
.###............#.......
........................
...#....##......#.......
##.#....##.#....#.......
.#....##.#....#.......
.#....##.#.#'##.......
#...#..@h......
########@...... .......
....... ....... .......
#######


You could see Maggie (mesmerising) and a black bear.


Message History

A hound comes into view.
The hound barks!
A steam dragon comes into view.
Found a staircase to the Ecumenical Temple.
There is an open door here.
The hound bites you. 😕 HP[-1]
You take 1 damage, and now have 46/47 hp.
You barely miss the hound. The hound bites you but does no damage.
The hound barely misses you. You furiously retaliate!
You headbutt the hound, but do no damage. 😎 HP[+1]
Your hp is fully restored (47).
You barely miss the hound. You block the hound's attack.
The hound bites you but does no damage.
You slash the hound!
You kill the hound!
You see here a hound corpse.
There is a staircase to the Ecumenical Temple here.
There is a staircase to the Ecumenical Temple here.
You can't go up here!
You climb downwards.
Welcome to the Ecumenical Temple!
Found a bloodstained altar of Trog.
Found a staircase back to the Dungeon.
There is a staircase back to the Dungeon here.
Found a glowing silver altar of Zin.
Found a hazy altar of Hepliaklqana.
Found an opulent altar of Gozag.
Found a shadowy altar of Dithmenos.
Found a sparkling altar of Nemelex Xobeh.
Found a sacrificial altar of Ru.
There is an opulent altar of Gozag here.
Found a shimmering blue altar of Sif Muna.
Found a glowing golden altar of the Shining One.
There is a sacrificial altar of Ru here.
Found a snail-covered altar of Cheibriados.
You enter the shallow water.
Moving in this stuff is going to be slow.
There is a glowing silver altar of Zin here.
You enter the shallow water.
Moving in this stuff is going to be slow.
There is a staircase back to the Dungeon here.
You can't go down here!
You climb upwards.
Welcome back to the Dungeon!
You hear the sound of rushing water.
There is an entrance to a sewer on this level.
Hurry and find it before the portal rusts away!
You hear the slow rusting of a very distant drain.
There is a staircase to the Ecumenical Temple here.
As you open the door, it creaks loudly!
You hear an angry hiss.
There is an open door here.
r - the +10 quarterstaff of Ugarim {venom, rPois rN+ rCorr Int-4, staff} You open the door.
Maggie and a black bear come into view.
Maggie is wielding a +0 halberd and carrying a wand of light.
Maggie shouts!
The black bear growls angrily.
Maggie mumbles some strange words.
Maggie attempts to bespell you!
You are mesmerised by Maggie!
There is an open door here.
The black bear completely misses you. The black bear claws you.
The black bear claws you but does no damage.
You block Maggie's attack. 😕 HP[-4]
You take 4 damage, and now have 43/47 hp.
You hit the black bear. You hit Maggie. You block the black bear's attack.
The black bear claws you. x2
Maggie zaps a wand.
The bolt of light hits you!
The black bear bites you but does no damage.
The black bear closely misses you. The black bear barely misses you.
Maggie zaps a wand.
The bolt of light misses you. 😮 HP[-11]
You take 11 damage, and now have 32/47 hp.
MASSIVE DAMAGE!! (PAUSE)
You slash Maggie! You barely miss the black bear.
The black bear bites you but does no damage.
The black bear claws you. The black bear barely misses you.
Maggie zaps a wand.
The bolt of light hits you!
You are confused.
* * * LOW HITPOINT WARNING * * *
😨 HP[-15]
You take 15 damage, and now have 17/47 hp.
MASSIVE DAMAGE!! (PAUSE)
You bump into the rock wall.
The black bear bites you but does no damage.
The black bear claws you but does no damage. x2
Maggie gestures at you while chanting. The bolt of fire hits you.
* * * LOW HITPOINT WARNING * * *
😨 HP[-5]
You take 5 damage, and now have 12/47 hp.
You're too confused to move!
The black bear bites you but does no damage.
The black bear claws you.
* * * LOW HITPOINT WARNING * * *
The black bear claws you but does no damage.
Maggie casts a spell at you. The bolt of fire hits you!
You die...

Skill      XL: |  1  2  3  4 |
---------------+-------------+-----
Axes           | 3 4 |  4.7
Fighting       | 4 |  4.6
Armour         | 4 |  4.6
Shields        | 4 |  4.6

Action                     |  1- 3 |  4- 6 || total
---------------------------+-------+-------++-------
  Melee: War axe           |    46 |    39 ||    85
         Headbutt          |     8 |     6 ||    14
 Armour: Scale mail        |     4 |       ||     4
         Plate armour      |    23 |    49 ||    72
  Dodge: Dodged            |    17 |     9 ||    26
  Block: Buckler           |    14 |     8 ||    22

Levels and vault maps discovered:
D:1:      wheals_arrival_linesprint, layout_loops_ring,
          shapermc_ecumenical_altar_rom_forum
D:2:      layout_basic, basic_altar, kennysheep_generic_room_11, uniq_natasha
D:3:      layout_rooms, ashenzari_conservatory_becter, grunt_ministairs_15,
          minmay_misc_feat_alley
D:6:      minmay_inner_zag, layout_basic, mainiacjoe_overflow_small_starburst,
          minmay_temple_entry_hall, portal_sewer_entry_e, serial_shops,
          nicolae_shop_window_shopping, uniq_maggie
Temple:   nicolae_temple_bog_church

Notes
Turn   | Place    | Note
-------+----------+-------------------------------------------
     0 | D:1      | Sanktem7 the Minotaur Fighter began the quest for the Orb.
     0 | D:1      | Reached XP level 1. HP: 19/19 MP: 0/0
     0 | D:1      | magus.rc [v1.9.6]
   295 | D:1      | Reached XP level 2. HP: 27/27 MP: 1/1
   424 | D:1      | Found a faded altar of an unknown god.
   431 | D:1      | Reached skill level 3 in Axes
   460 | D:1      | You pick up a book of Frost and begin reading...
   460 | D:1      | You add the spells Freeze, Frozen Ramparts and Hailstorm to
                  | your library.
   465 | D:1      | Got Plato's Spellbook of Conjury
   855 | D:2      | Noticed Natasha
   862 | D:2      | Killed Natasha
   863 | D:2      | Reached skill level 4 in Fighting
   863 | D:2      | Reached skill level 4 in Armour
   863 | D:2      | Reached skill level 4 in Shields
   863 | D:2      | Reached XP level 3. HP: 29/33 MP: 2/2
   890 | D:2      | magus.rc [v1.9.6]
   948 | D:2      | Found a hide-covered altar of Uskayaw.
   974 | D:2      | Noticed Natasha
   980 | D:2      | Killed Natasha
   981 | D:2      | Reached XP level 4. HP: 39/40 MP: 3/3
  1015 | D:2      | Reached skill level 4 in Axes
  1092 | D:2      | Noticed Natasha
  1098 | D:2      | Killed Natasha
  1419 | D:3      | You fall into a shaft and drop 3 floors!
  1430 | D:6      | Reached XP level 5. HP: 44/47 MP: 4/4
  1455 | D:6      | Found a staircase to the Ecumenical Temple.
  1455 | D:6      | Noticed a steam dragon
  1467 | Temple   | Entered the Ecumenical Temple
  1539 | D:6      | Identified the +10 quarterstaff of Ugarim {venom, rPois rN+
                  | rCorr Int-4}
  1545 | D:6      | Noticed Maggie
  1545 | D:6      | Noticed a black bear
  1551 | D:6      | HP: 11/47 [black bear (1)]
  1551 | D:6      | Killed from afar by Maggie

Vanquished Creatures
  A howler monkey (D:6)
  A hound (D:6)
  Natasha (thrice) (D:2)
  An adder (D:2)
  A dart slug (D:2)
  2 ball pythons
  2 bats
  6 endoplasms
  4 giant cockroaches
  4 goblins
  3 hobgoblins
  3 jackals (D:2)
  4 kobolds
  2 quokkas
  3 frilled lizards
  2 rats
42 creatures vanquished.

Table legend:
 A = Non-vault XP
 B = Vault XP
 C = Vault XP percentage of total XP
 D = Non-vault monster count
 E = Vault monster count
 F = Vault count percentage of total count
                 A         B        C        D         E       F
            +---------+---------+-------+---------+---------+-------
      Total |     237 |      39 |  14.1 |      39 |       3 |   7.1
            +---------+---------+-------+---------+---------+-------
        D:1 |      24 |       0 |   0.0 |      14 |       0 |   0.0
        D:2 |     117 |      35 |  23.0 |      20 |       1 |   4.8
        D:3 |       5 |       4 |  44.4 |       3 |       2 |  40.0
        D:6 |      91 |       0 |   0.0 |       2 |       0 |   0.0
            +---------+---------+-------+---------+---------+-------

Skill      XL: |  1  2  3  4 |
---------------+-------------+-----
Axes           | 3 4 |  4.7
Fighting       | 4 |  4.6
Armour         | 4 |  4.6
Shields        | 4 |  4.6

Action                     |  1- 3 |  4- 6 || total
---------------------------+-------+-------++-------
  Melee: War axe           |    46 |    39 ||    85
         Headbutt          |     8 |     6 ||    14
 Armour: Scale mail        |     4 |       ||     4
         Plate armour      |    23 |    49 ||    72
  Dodge: Dodged            |    17 |     9 ||    26
  Block: Buckler           |    14 |     8 ||    22

Illustrated notes

Table legend:
 A = Kills in this place as a percentage of kills in the entire game.
 B = Kills by you in this place as a percentage of kills by you in the entire game.
 C = Kills by friends in this place as a percentage of kills by friends in the entire game.
 D = Other kills in this place as a percentage of other kills in the entire game.
 E = Experience gained in this place as a percentage of experience gained in the entire game.
 F = Experience gained in this place divided by the number of levels of this place that you have seen.
                   A       B       C       D       E      F
               +-------+-------+-------+-------+-------+----------------------
         Total | 100.0 | 100.0 |   N/A |   N/A | 100.0 |  55.2
       Dungeon | 100.0 | 100.0 |   N/A |   N/A | 100.0 |  69.0
               +-------+-------+-------+-------+-------+----------------------

Table legend: (Time is in decaauts)
 A = Elapsed time spent in this place.
 B = Non-inter-level travel time spent in this place.
 C = Inter-level travel time spent in this place.
 D = Time resting spent in this place.
 E = Time spent auto-exploring this place.
 F = Levels seen in this place.
 G = Mean time per level.
                   A        B        C        D        E       F      G
               +--------+--------+--------+--------+--------+-----+--------+
         Total |   1582 |   1513 |     69 |      0 |   1144 |   5 |  316.4 |
       Dungeon |   1534 |   1465 |     69 |      0 |   1144 |   4 |  383.5 |
        Temple |     47 |     47 |      0 |      0 |      0 |   1 |   47.0 |
               +--------+--------+--------+--------+--------+-----+--------+

Top non-repeatable levels by time:
     D:1: 816 daAuts
     D:2: 524 daAuts
     D:3: 105 daAuts
     D:6: 88 daAuts
  Temple: 47 daAuts
